Map: Ulrena

Players

nubnax

  • Race: Protoss Protoss
  • League: Master

Miszu - Winner!

  • Race: Terran Terran
  • League: Master

VOD

Have the link to the VOD?

Description

Time

  • Played on: April 17, 2016, 3:34 p.m.
  • Length: 4:24
Show
View Real Time Build Order
Export as new Build Order

nubnax Protoss 

Build Orders: 1 Gate Expand, Oracle Opening, Phoenix Opening 

Get SALT Encoding   

  12  0:01  Probe (Chrono Boost)  
  13  0:11  Probe (Chrono Boost)  
  14  0:18  Pylon  
  14  0:22  Probe (Chrono Boost)  
  15  0:37  Gateway, Probe (Chrono Boost)  
  16  0:43  Assimilator  
  16  0:47  Probe (Chrono Boost)  
  17  0:58  Probe (Chrono Boost)  
  18  1:08  Probe (Chrono Boost)  
  19  1:19  Probe (Chrono Boost)  
  20  1:27  Nexus  
  20  1:37  Cybernetics Core  
  20  1:41  Probe (Chrono Boost)  
  21  1:47  Assimilator  
  21  1:53  Pylon  
  21  1:55  Probe (Chrono Boost)  
  22  2:10  Probe (Chrono Boost)  
  22  2:14  Adept (Chrono Boost)  
  24  2:20  Stargate  
  24  2:22  Probe  
  25  2:26  Warp Gate  
  25  2:34  Probe  
  26  2:38  Adept (Chrono Boost)  
  26  2:39  Probe  
  29  2:46  Probe  
  29  2:50  Probe  
  31  2:59  Probe  
  31  3:00  Probe  
  33  3:07  Oracle (Chrono Boost)  
  33  3:11  Probe  
  37  3:13  Adept, Probe  
  40  3:26  Robotics Facility  
  40  3:27  Probe  
  40  3:28  Probe  
  42  3:37  Probe  
  42  3:40  Probe  
  44  3:49  Pylon  
  44  3:52  Probe  
  44  3:55  Phoenix (Chrono Boost)  
Show
View Real Time Build Order
Export as new Build Order

Miszu Terran - Winner!

Build Orders: 1/1/1 

Get SALT Encoding   

  12  0:02  SCV  
  13  0:14  SCV  
  13  0:18  Supply Depot  
  14  0:26  SCV  
  15  0:32  Refinery  
  15  0:39  SCV  
  16  0:46  Barracks  
  16  0:52  SCV  
  17  1:04  SCV  
  18  1:16  SCV  
  19  1:33  Marine, Orbital Command  
  19  1:35  Factory  
  20  1:43  Supply Depot  
  20  1:51  Marine  
  21  1:58  SCV  
  22  2:09  Marine  
  22  2:12  SCV  
  24  2:19  Starport, Hellion  
  24  2:21  Supply Depot  
  26  2:24  SCV  
  26  2:27  Marine  
  28  2:37  SCV  
  28  2:40  Hellion  
  28  2:43  Refinery  
  31  2:45  Marine  
  31  2:50  SCV  
  33  2:52  Supply Depot  
  33  2:56  Medivac  
  35  3:02  Hellion  
  35  3:03  Marine  
  38  3:07  SCV  
  39  3:19  SCV  
  40  3:23  Barracks Reactor  
  40  3:31  SCV  
  40  3:33  Command Center  
  41  3:38  Factory Tech Lab  
  40  3:45  Viking  
  40  4:10  SCV  
Tags
 
Add a new tag
Caveats
  • Supply blocks, unpowered buildings, or Contaminate may cause inaccurate times.
  • Supply counts are checked every 10 seconds.